 Dungeon Crawl Stone Soup version 0.17-a0-1970-g7a13dd1 (webtiles) character file.

51 Stormsson the Grave Robber (level 3, 0/25 HPs)
             Began as a Vampire Necromancer on Oct 3, 2015.
             Slain by a goblin (2 damage)
             ... led by Robin
             ... on level 1 of the Dungeon on Oct 4, 2015.
             The game lasted 00:13:45 (1977 turns).

Stormsson the Grave Robber (Vampire Necromancer)    Turns: 1977, Time: 00:13:45

Health: 0/25       AC:  2    Str:  7    XL:     3   Next: 58%
Magic:  4/6        EV: 15    Int: 20    God:
Gold:   83         SH:  0    Dex: 14    Spells: 2 memorised, 4 levels left

rFire  . . .     SeeInvis +     m - +3 dagger
rCold  . . .     Clarity  .     a - +0 robe
rNeg   + . .     SustAt   .     (no shield)
rPois  +         Gourm    .     (no helmet)
rElec  .         Spirit   .     (no cloak)
rCorr  .         Warding  .     (no gloves)
rMut   .         Stasis   .     (no boots)
MR     .....                    (no amulet)
Stlth  +++.......               (no ring)
                                (no ring)

@: not resistant to hostile enchantments, fairly stealthy
A: fangs 3, repulsion field 1, see invisible, clever 1, poison resistance,
unbreathing
a: Bat Form


You were on level 1 of the Dungeon.
You were not thirsty.

You visited 1 branch of the dungeon, and saw 2 of its levels.

You collected 83 gold pieces.

Inventory:

Hand weapons
 h - a +0 spear
 k - a +0 hunting sling
 m - a +3 dagger (weapon)
Missiles
 g - 17 poisoned needles
 l - 15 stones (quivered)
Armour
 a - a +0 robe (worn)
 d - a +1 helmet of see invisible
Scrolls
 f - a scroll of blinking {unknown}
 i - 4 scrolls of identify {unknown}
 j - a scroll of teleportation
Potions
 c - a potion of blood
 e - 2 potions of flight {unknown}
Books
 b - a book of Necromancy

   Spells                             Type                      Level
   a - Pain                           Necromancy                   1
   b - Animate Skeleton               Necromancy                   1
   c - Vampiric Draining              Necromancy                   3
   d - Regeneration                   Charms/Necromancy            3
   e - Animate Dead                   Necromancy                   4
   f - Control Undead                 Necromancy                   4


   Skills:
 + Level 0.5 Fighting
 + Level 1.2 Short Blades
 + Level 2.9 Dodging
 - Level 3.6 Stealth
 + Level 2.3 Spellcasting
 - Level 4.7 Necromancy


You had 4 spell levels left.
You knew the following spells:

 Your Spells              Type           Power        Failure   Level  Hunger
a - Pain                  Necr           ###.         2%          1    #......
b - Animate Skeleton      Necr           N/A          2%          1    #......


Dungeon Overview and Level Annotations

Branches:
Dungeon (2/15)

Altars:

Annotations:
D:2 Robin


Innate Abilities, Weirdness & Mutations

You have razor-sharp teeth.
You have supernaturally acute eyesight.
You can survive without breathing.
You are surrounded by a mild repulsion field (EV +2).
Your mind is acute. (Int +2)
Your system is resistant to poisons.


Message History

The goblin hits your goblin skeleton.
Your goblin skeleton hits the goblin.
Your goblin skeleton hits the goblin.
The goblin hits your goblin skeleton.
Your goblin skeleton is destroyed!
The goblin shouts!
You see here a bread ration.
You closely miss the goblin.
The goblin is moderately wounded.
The goblin closely misses you.
You closely miss the goblin.
The goblin is moderately wounded.
Casting: Animate Skeleton
Confirm with . or Enter, or press ? or * to list all spells.
Aiming: Pain
Press: ? - help, Shift-Dir - straight line, f - goblin
Aim: a goblin (chance to defeat MR: 95%)
The goblin convulses in agony!
You kill the goblin!
The goblin hits you.
You die...

.##.#.##.#####.###.###.#
#...g..
.##.#.##.###.#.#.#.#...#
#####..
###.#.##.##..........### #..
....#.##.###.#.#.#.#.# #g.
#####.##.##..........#######
#..
......##...#l#.#.#%#.......#
#%.
########.#..........######.#
#.. #.###.#.#.#.## #.# #..
#.##....>@g..# #.# #..
###.###.#.#.#.#######.# #..
#...##..#...).........####..
#.##...##..####.......gg....
#....#.##..# #.#####.####.#
####...##..# #.......# #.#
##.###..####.#####.# #.#
###.###.......# #.# #.#
#.....#.#####.# ##########


You could see a goblin and a giant newt.

Vanquished Creatures
  2 adders
  A worm (D:2)
  3 giant cockroaches (D:1)
  14 goblins
  3 hobgoblins
  3 bats
  5 rats
31 creatures vanquished.

Vanquished Creatures (collateral kills)
  2 goblins (D:2)
2 creatures vanquished.

Grand Total: 33 creatures vanquished

Notes
Turn   | Place    | Note
--------------------------------------------------------------
     0 | D:1      | Stormsson the Vampire Necromancer began the quest for the Orb.
     0 | D:1      | Reached XP level 1. HP: 13/13 MP: 3/3
    17 | D:1      | Learned a level 1 spell: Animate Skeleton
   856 | D:1      | Reached XP level 2. HP: 19/19 MP: 5/5
  1005 | D:1      | Gained mutation: Your system is resistant to poisons. [potion of mutation]
  1005 | D:1      | Gained mutation: You are surrounded by a mild repulsion field (EV +2). [potion of mutation]
  1005 | D:1      | Gained mutation: Your mind is acute. (Int +2) [potion of mutation]
  1357 | D:1      | Reached XP level 3. HP: 2/25 MP: 1/6
  1589 | D:2      | Reached skill level 1 in Short Blades
  1880 | D:2      | Upgraded the game from 0.17-a0-1954-g0dddeaa to 0.17-a0-1970-g7a13dd1
  1898 | D:2      | Noticed Robin
  1946 | D:1      | HP: 1/25 [goblin[Robin] (2)]
  1977 | D:1      | Slain by a goblin

Vault maps used:
D:1:      minmay_arrival_widening_spiral_wide, st_stairs_9
D:2:      kennysheep_the_goblin_king, lightli_temple_of_fire,
          lemuel_round_altar, first_bread, uniq_robin

Action                   || total
-------------------------++-------
Melee: Unarmed           ||    17
       Spear             ||    20
       Dagger            ||    21
 Cast: Pain              ||    32
       Animate Skeleton  ||     5
  Use: Scroll            ||     2
       Potion            ||     2
 Stab: Sleeping          ||     1
  Eat: Corpse            ||     3
